 Dungeon Crawl Stone Soup version 0.28.0 (webtiles) character file.

Game seed: 10906073934155369363

1775 pkoi the Destroyer (level 8, -1/85 HPs)
             Began as a Black Draconian Conjurer on Feb 16, 2022.
             Was a Follower of Sif Muna.
             Slain by an adder (3 damage)
             ... on level 6 of the Dungeon.
             The game lasted 00:09:19 (7106 turns).

pkoi the Destroyer (Black Draconian Conjurer)       Turns: 7106, Time: 00:09:19

Health: -1/85      AC: 24    Str:  8 (10) XL:     8   Next: 80%
Magic:  5/12       EV:  2    Int: 19 (20) God:    Sif Muna [*.....]
Gold:   395        SH:  0    Dex:  7 (10) Spells: 2/13 levels left

rFire   . . .      SeeInvis .   a - +0 hand axe (venom)
rCold   + . .      Faith    .   (no shield)
rNeg    . . .      Spirit   .   (armour unavailable)
rPois   +          Reflect  .   (helmet currently unavailable)
rElec   .          Harm     .   (cloak currently unavailable)
rCorr   .          Rampage  .   (gloves currently unavailable)
Will    .....      NoTele   +   (boots currently unavailable)
Stlth   +.........              (no amulet)
HPRegen 0.24/turn               c - ring of protection from cold
MPRegen 0.13/turn               (no ring)

@: lethally poisoned (-1 -> -8), tree-form
A: stationary, stasis, torment immunity, boosted hp, (breathe lightning), AC +6,
unfitting armour, (electricity resistance), (cold-blooded)
a: Renounce Religion, Channel Magic


You were on level 6 of the Dungeon.
You worshipped Sif Muna.
Sif Muna was aware of your devotion.
You were a tree.
You visited 2 branches of the dungeon, and saw 7 of its levels.

You collected 395 gold pieces.

Inventory:

Hand Weapons
 a - a +0 hand axe of venom (weapon)
 n - a +2 whip of flaming
 r - a +0 dagger of venom
 s - a +2 vampiric falchion
 u - a +1 dagger of speed
Armour
 q - the +1 Delatra's gloves (melded) {ID++}
   (You found it on level 3 of the Dungeon)

   It heals its wearer when they drink unknown potions.
   It restores its wearer's MP when they read unknown scrolls.
Jewellery
 b - an amulet of guardian spirit
 c - a ring of protection from cold (left branch)
 o - a ring of fire
Scrolls
 d - 2 scrolls of vulnerability {unknown}
 e - 3 scrolls of enchant weapon {unknown}
 f - 2 scrolls of fear {unknown}
 i - 2 scrolls of blinking {unknown}
 j - 4 scrolls of teleportation {unknown}
Potions
 h - a potion of degeneration
 l - 2 potions of curing {unknown}
 p - a potion of magic {unknown}
 v - a potion of attraction {unknown}


   Skills:
 - Level 1.7 Dodging
 - Level 1.7 Stealth
 - Level 3.0 Spellcasting
 * Level 9.4 Conjurations
 - Level 3.0 Hexes
 + Level 3.6 Translocations
 + Level 5.0 Invocations


You had 2 spell levels left.
You knew the following spells:

 Your Spells              Type           Power      Damage    Failure   Level
a - Magic Dart            Conj           100%       1d8       1%          1
b - Searing Ray           Conj           76%        2d7       1%          2
c - Dazzling Flash        Conj/Hex       52%        N/A       3%          3
d - Apportation           Tloc           32%        N/A       3%          1
e - Iskenderun's Mystic   Conj/Tloc      27%        2d7       11%         4

Your spell library contained the following spells:

 Spells                   Type           Power      Damage    Failure   Level
 Gell's Gravitas          Tloc           16%        N/A       11%         3
 Lesser Beckoning         Tloc           16%        N/A       11%         3
 Teleport Other           Tloc           16%        N/A       11%         3
 Fulminant Prism          Conj/Hex       13%        3d9       12%         4
 Alistair's Intoxication  Tmut/Pois      1%         N/A       99%         5


Dungeon Overview and Level Annotations

Branches:
Dungeon (6/15)             Temple (1/1) D:4

Altars:
Ashenzari
Cheibriados
Dithmenos
Elyvilon
Fedhas
Gozag
Kikubaaqudgha
Okawaru
Qazlal
Ru
Sif Muna
Trog
Uskayaw
Vehumet
Wu Jian
Zin
Ignis


Innate Abilities, Weirdness & Mutations

You are a tree.
Your roots penetrate the ground, keeping you stationary.
You cannot be teleported.
You are immune to unholy pain and torment.
Your maximum health is greatly increased.
Your equipment is partially melded.
((You can breathe wild blasts of lightning.))
((Your glossy black scales are hard. (AC +6)))
You cannot fit into any form of body armour.
((You are resistant to electric shocks. (rElec)))
((You are cold-blooded and may be slowed by cold attacks.))


Message History

Aim: a centaur, wielding a +0 shortbow and quivering arrows (89% to hit)
The searing ray hits the centaur!
The centaur is heavily wounded. (Press . to maintain the ray.)
The adder hisses angrily.
The centaur shoots an arrow.
The arrow hits you.
* * * LOW HITPOINT WARNING * * *
The searing ray hits the centaur!
The centaur is almost dead.
The centaur shoots an arrow.
The arrow closely misses you.
The centaur shoots an arrow.
The arrow closely misses you.
The searing ray hits the centaur.
The centaur is almost dead.
The centaur shoots an arrow.
The arrow hits you.
* * * LOW HITPOINT WARNING * * *
The searing ray misses the centaur.
You finish channelling your searing ray.
The adder bites you.
* * * LOW HITPOINT WARNING * * *
You are poisoned.
The adder poisons you!
The centaur shoots an arrow.
The arrow hits you!
* * * LOW HITPOINT WARNING * * *
The adder bites you.
* * * LOW HITPOINT WARNING * * *
The centaur shoots an arrow.
The arrow hits you but does no damage.
It was a potion of lignification.
You turn into a tree.
The +1 Delatra's gloves {ID++} melds into your body.
Your roots penetrate the ground.
You feel sick.
The centaur shoots an arrow.
The arrow hits you!
* * * LOW HITPOINT WARNING * * *
The adder bites you but does no damage. The adder bites you.
* * * LOW HITPOINT WARNING * * *
You are lethally poisoned!
The adder poisons you!
It was a potion of degeneration.
There was something very wrong with that liquid.
You feel weakened.
You feel dopey.
You feel clumsy.
* * * LOW HITPOINT WARNING * * *
You feel sick. The adder bites you.
You die...

**,,,,,,** **........##
#..........# #..^.......#
#..........# ***
#..........# ***,*
#........c.# *..,* ###
*#.....[S.#* *.#,* #####..
##......S♣## *.#,# #.....#
#..........###.#.# ###.###
#..............#.# #.#
#.............#.!# #.###
#..........#....#* #...#
#..............#########.#
##........##).............
##......##............###
##.###....##............


You could see a centaur and 2 adders.

Vanquished Creatures
  Prince Ribbit (D:6)
  Sigmund (D:5)
  A wraith (D:6)
  2 ice beasts (D:6)
  3 ogres
  A kobold brigand (D:4)
  Blork the orc (D:5)
  2 scorpions
  A wyvern skeleton (D:5)
  A howler monkey (D:6)
  A bullfrog zombie (D:6)
  2 hounds
  A jelly (D:5)
  An orc priest (D:4)
  An iguana (D:5)
  3 orc wizards
  A hound skeleton (D:5)
  7 gnolls
  6 adders
  A white imp (D:5)
  An adder skeleton (D:4)
  2 worms
  A dart slug (D:2)
  8 orcs
  4 ball pythons
  5 endoplasms
  3 giant cockroaches
  14 goblins
  9 hobgoblins
  5 jackals (D:1)
  6 quokkas
  6 bats
  2 frilled lizards (D:3)
  5 kobolds
  4 rats
113 creatures vanquished.

Vanquished Creatures (others)
  3 toadstools (D:2)
3 creatures vanquished.

Grand Total: 116 creatures vanquished

Notes
Turn   | Place    | Note
-------+----------+-------------------------------------------
     0 | D:1      | pkoi the Draconian Conjurer began the quest for the Orb.
     0 | D:1      | Reached XP level 1. HP: 14/14 MP: 3/3
   112 | D:1      | Reached XP level 2. HP: 20/20 MP: 0/5
   156 | D:1      | Learned a level 2 spell: Searing Ray
   844 | D:1      | Found a faded altar of an unknown god.
  1130 | D:2      | Reached skill level 5 in Conjurations
  1130 | D:2      | Reached XP level 3. HP: 20/26 MP: 1/6
  1740 | D:2      | Reached XP level 4. HP: 14/33 MP: 2/7
  2206 | D:2      | Reached skill level 6 in Conjurations
  2654 | D:3      | Reached XP level 5. HP: 38/38 MP: 2/8
  2807 | D:3      | Learned a level 3 spell: Dazzling Flash
  3356 | D:3      | Found a glowing silver altar of Zin.
  3548 | D:3      | Found a shimmering blue altar of Sif Muna.
  3548 | D:3      | Found a blossoming altar of Fedhas.
  3638 | D:3      | Became a worshipper of Sif Muna the Loreminder
  3641 | D:3      | Reached skill level 1 in Hexes
  3662 | D:3      | Found a stormy altar of Qazlal.
  3787 | D:3      | Found the +1 Delatra's gloves {ID++}
  4137 | D:4      | Reached XP level 6. HP: 44/45 MP: 4/9
  4287 | D:4      | Learned a level 1 spell: Apportation
  4467 | D:4      | Found a staircase to the Ecumenical Temple.
  4473 | D:4      | Reached skill level 7 in Conjurations
  4473 | D:4      | Reached skill level 1 in Invocations
  4482 | Temple   | Entered the Ecumenical Temple
  4798 | D:4      | Reached skill level 1 in Translocations
  5150 | D:5      | Entered Level 5 of the Dungeon
  5266 | D:5      | Noticed Sigmund
  5280 | D:5      | Killed Sigmund
  5280 | D:5      | Reached * piety under Sif Muna
  5281 | D:5      | Your scales start taking on a glossy black colour.
  5281 | D:5      | Reached XP level 7. HP: 39/50 MP: 1/11
  5281 | D:5      | Gained mutation: You are resistant to electric shocks.
                  | (rElec) [Black Draconian growth]
  5288 | D:5      | Noticed Blork the orc
  5304 | D:5      | Killed Blork the orc
  5654 | D:5      | Reached skill level 8 in Conjurations
  5749 | D:5      | Reached XP level 8. HP: 52/57 MP: 1/12
  6442 | D:6      | Learned a level 4 spell: Iskenderun's Mystic Blast
  6458 | D:6      | Noticed Prince Ribbit
  6468 | D:6      | Killed Prince Ribbit
  6469 | D:6      | Reached skill level 9 in Conjurations
  6912 | D:6      | Reached skill level 5 in Invocations
  7105 | D:6      | HP: 4/85 [adder (3)]
  7106 | D:6      | Slain by an adder

Illustrated notes

Levels and vault maps discovered:
D:1:      dpeg_arrival_boxorama, layout_rooms, shapermc_ecumenical_altar_petra,
          minmay_tetromino_i4
D:2:      layout_loops_ring, minmay_gold_behind_fungi
D:3:      kennysheep_the_goblin_king, layout_rooms,
          mainiacjoe_overflow_brackets, grunt_qazlal_sundering,
          mainiacjoe_overflow_large_starburst, pf_guarded_unrand_delatra
D:4:      layout_loops_ring, minmay_temple_entry_mist
D:5:      layout_rooms, chequers_avenue, uniq_sigmund, uniq_blork_the_orc
D:6:      layout_rooms, uniq_prince_ribbit1
Temple:   pdpol_scorched_temple

Skill      XL: |  1  2  3  4  5  6  7  8 |
---------------+-------------------------+-----
Conjurations   | 5 6 7 8 9 |  9.4
Hexes          | 1 2 3 |  3.0
Invocations    | 2 3 5 |  5.0
Translocations | 1 2 3 |  3.6
Spellcasting   | 3 |  3.0
Dodging        | |  1.7
Stealth        | |  1.7

Action                   |  1- 3 |  4- 6 |  7- 9 || total
-------------------------+-------+-------+-------++-------
Melee: Hand axe          |    15 |    14 |       ||    29
       Tailslap          |       |     2 |       ||     2
 Cast: Magic Dart        |    54 |    91 |    36 ||   181
       Searing Ray       |     1 |    17 |    20 ||    38
       Dazzling Flash    |       |     2 |       ||     2
  Use: Scroll            |       |     1 |     3 ||     4
       Potion            |       |       |     2 ||     2
Armor: Skin              |    12 |    11 |    13 ||    36
Dodge: Dodged            |    11 |    13 |    24 ||    48
